Map: Frozen Temple

Players

Neeblet (Neeb) - Winner!

  • Race: Protoss Protoss

Patience

  • Race: Protoss Protoss

Event: 2016 WCS Global Finals

VOD

https://youtu.be/CMiLm1MnjbQ

Description

Time

  • Played on: Oct. 30, 2016, 1:02 p.m.
  • Length: 5:07

All games in this series

Show
View Real Time Build Order
Export as new Build Order

Neeblet Protoss - Winner!

Build Orders: Oracle Opening 

Get SALT Encoding   

  12  0:00  Probe (Chrono Boost)  
  13  0:11  Probe (Chrono Boost)  
  14  0:17  Pylon  
  14  0:22  Probe (Chrono Boost)  
  16  0:35  Probe (Chrono Boost)  
  16  0:37  Gateway  
  16  0:45  Assimilator  
  16  0:46  Probe (Chrono Boost)  
  17  0:53  Assimilator  
  17  0:56  Probe (Chrono Boost)  
  18  1:05  Gateway  
  18  1:07  Probe (Chrono Boost)  
  19  1:18  Probe (Chrono Boost)  
  20  1:24  Cybernetics Core  
  20  1:28  Probe (Chrono Boost)  
  21  1:33  Pylon  
  21  1:39  Probe (Chrono Boost)  
  22  1:49  Probe (Chrono Boost)  
  22  1:53  Warp Gate  
  23  2:00  Probe (Chrono Boost)  
  24  2:02  Stalker  
  24  2:05  Stalker  
  28  2:17  Stargate  
  28  2:25  Pylon  
  28  2:38  Stalker  
  28  2:43  Stalker  
  32  2:58  Oracle  
  35  3:16  Stalker  
  37  3:22  Stalker  
  37  3:25  Pylon  
  39  3:38  Nexus  
  41  3:53  Probe (Chrono Boost)  
  40  4:00  Stalker x2  
  44  4:05  Mothership Core (Chrono Boost)  
  46  4:23  Probe (Chrono Boost)  
  47  4:37  Probe (Chrono Boost)  
  47  4:38  Pylon  
  46  4:39  Robotics Facility  
  46  4:48  Probe (Chrono Boost)  
  46  4:52  Probe (Chrono Boost)  
Show
View Real Time Build Order
Export as new Build Order

Patience Protoss 

Build Orders:  

Get SALT Encoding   

  12  0:00  Probe (Chrono Boost)  
  13  0:11  Probe (Chrono Boost)  
  14  0:17  Pylon  
  14  0:22  Probe (Chrono Boost)  
  15  0:36  Gateway, Probe (Chrono Boost)  
  15  0:41  Assimilator  
  16  0:46  Probe (Chrono Boost)  
  17  0:53  Assimilator  
  18  0:57  Probe (Chrono Boost)  
  18  1:04  Gateway  
  18  1:07  Probe (Chrono Boost)  
  19  1:18  Probe (Chrono Boost)  
  20  1:23  Cybernetics Core  
  20  1:28  Probe (Chrono Boost)  
  21  1:35  Pylon  
  21  1:39  Probe (Chrono Boost)  
  22  1:49  Probe (Chrono Boost)  
  23  1:57  Warp Gate  
  23  2:00  Stalker, Mothership Core (Chrono Boost)  
  27  2:01  Stalker  
  29  2:11  Pylon  
  29  2:20  Probe (Chrono Boost)  
  30  2:34  Stalker x2, Probe (Chrono Boost)  
  34  3:03  Nexus, Probe (Chrono Boost)  
  35  3:15  Robotics Facility  
  35  3:18  Probe (Chrono Boost)  
  36  3:24  Pylon  
  36  3:28  Probe (Chrono Boost)  
  37  3:36  Gateway  
  37  3:39  Probe (Chrono Boost)  
  38  3:50  Probe (Chrono Boost)  
  39  4:02  Twilight Council  
  40  4:03  Observer, Probe (Chrono Boost)  
  41  4:22  Stalker x2  
  43  4:28  Pylon  
  43  4:31  Sentry  
  37  4:37  Probe (Chrono Boost)  
  30  4:51  Stalker x2  
  28  4:54  Probe (Chrono Boost)  
Tags
 
Add a new tag
Caveats
  • Supply blocks, unpowered buildings, or Contaminate may cause inaccurate times.
  • Supply counts are checked every 10 seconds.